CAR
FREDERICK KEYS @ WILMINGTON BLUE ROCKS
08/19/2098
 
TOP OF THE 1ST
Frederick Keys batting - Pitching for Wilmington Blue Rocks : LHP Jonah Flick
Pitching: LHP Jonah Flick
Batting: LHB Eddy Carpio 0-0: Swinging Strike
0-1: Foul Ball, location: 7LDF
0-2: Strikes out swinging
Batting: RHB Jalen Campbell 0-0: Called Strike
0-1: Ball
1-1: Called Strike
1-2: Strikes out swinging
Batting: LHB Alex Gil 0-0: Ball
1-0: Foul Ball, location: 3FF
1-1: Swinging Strike
1-2: Ball
2-2: Ball
3-2: Strikes out swinging
Top of the 1st over - 0 runs, 0 hits, 0 errors, 0 left on base; Frederick 0 - Wilmington 0
BOTTOM OF THE 1ST
Wilmington Blue Rocks batting - Pitching for Frederick Keys : RHP Steve Johns
Pitching: RHP Steve Johns
Batting: LHB Jose Rodriguez 0-0: Ball
1-0: Foul Ball, location: 3F
1-1: Ball
2-1: Ground out 3-1 (Groundball, 34, EV 79.4 MPH)
Batting: RHB Ricky Petersen 0-0: Ground out 6-3 (Groundball, 6, EV 86.9 MPH)
Batting: LHB Drew Burris 0-0: SINGLE (Groundball, 56S, EV 63.8 MPH) (infield hit)
Batting: SHB Jorge Carretero 0-0: Ball
1-0: Ball
2-0: Foul Ball, location: 5SF
2-1: Ball
3-1: Base on Balls
Drew Burris to second
Batting: RHB Prímio Boucinho 0-0: Ball
1-0: Called Strike
1-1: Ball
2-1: Ball
3-1: Base on Balls
Drew Burris to third
Jorge Carretero to second
Batting: RHB Austin Penland 0-0: Ball
1-0: Ground out 3-1 (Groundball, 34S, EV 78.8 MPH)
Bottom of the 1st over - 0 runs, 1 hit, 0 errors, 3 left on base; Frederick 0 - Wilmington 0
TOP OF THE 2ND
Frederick Keys batting - Pitching for Wilmington Blue Rocks : LHP Jonah Flick
Batting: LHB Paul Krupa 0-0: Ball
1-0: Ball
2-0: Ball
3-0: Called Strike
3-1: Foul Ball, location: 2F
3-2: Strikes out swinging
Batting: RHB Chris Capellari 0-0: Swinging Strike
0-1: Swinging Strike
0-2: Ball
1-2: Strikes out looking
Batting: LHB Jaden Goodman 0-0: Called Strike
0-1: Ball
1-1: Ball
2-1: Fly out, F8 (Flyball, 8RM, EV 93.8 MPH)
Top of the 2nd over - 0 runs, 0 hits, 0 errors, 0 left on base; Frederick 0 - Wilmington 0
BOTTOM OF THE 2ND
Wilmington Blue Rocks batting - Pitching for Frederick Keys : RHP Steve Johns
Batting: RHB Josiah Ford 0-0: Fly out, F8 (Flyball, 8RM, EV 90.0 MPH)
Batting: RHB David Mendez 0-0: Swinging Strike
0-1: Ball
1-1: Foul Ball, location: 2F
1-2: SINGLE (Line Drive, 89S, EV 103.1 MPH)
Batting: RHB Juan del Valle 0-0: Ball
1-0: Called Strike
David Mendez steals 2nd base
1-1: Swinging Strike
1-2: Strikes out swinging
Batting: LHB Jose Rodriguez 0-0: 2-RUN HOME RUN (Flyball, 9D, EV 95.0 MPH), Distance : 360 ft
Batting: RHB Ricky Petersen 0-0: Called Strike
0-1: Called Strike
0-2: Ball
1-2: Ball
2-2: Ball
3-2: Base on Balls
Batting: LHB Drew Burris 0-0: Foul Ball, location: 9LSF
0-1: Called Strike
0-2: Ball
1-2: SINGLE (Line Drive, 89M, EV 98.1 MPH)
Ricky Petersen to second
Runner from 2nd tries for 3rd, SAFE, throw by RF made to third
Batting: SHB Jorge Carretero 0-0: Called Strike
0-1: Foul Ball, location: 9LDF
0-2: Ball
1-2: Ball
2-2: Ball
3-2: Foul Ball, location: 23F
3-2: Ground out 5-3 (Groundball, 5L, EV 85.6 MPH)
Bottom of the 2nd over - 2 runs, 3 hits, 0 errors, 2 left on base; Frederick 0 - Wilmington 2
TOP OF THE 3RD
Frederick Keys batting - Pitching for Wilmington Blue Rocks : LHP Jonah Flick
Pitching: RHP Andrew Gibbs
Batting: RHB Danny Mora 0-0: Ball
1-0: Foul Ball, location: 5SF
1-1: Ball
2-1: Foul Ball, location: 2F
2-2: Strikes out looking
Batting: RHB David Mendez 0-0: DOUBLE (Flyball, 9LM, EV 94.4 MPH)
Batting: RHB Steve Giltner 0-0: Ball
1-0: Fly out, F4 (Line Drive, 34, EV 73.1 MPH)
Batting: LHB Eddy Carpio 0-0: Called Strike
0-1: Ball
1-1: Swinging Strike
1-2: Ball
2-2: Ball
3-2: SINGLE (Groundball, 4M, EV 105.6 MPH) (infield hit)
David Mendez to third
Batting: RHB Jalen Campbell 0-0: Called Strike
0-1: Ball
1-1: Ball
2-1: Ground out 1-3 (Groundball, 34S, EV 75.6 MPH)
Top of the 3rd over - 0 runs, 2 hits, 0 errors, 2 left on base; Frederick 0 - Wilmington 2
BOTTOM OF THE 3RD
Wilmington Blue Rocks batting - Pitching for Frederick Keys : RHP Steve Johns
Batting: RHB Prímio Boucinho 0-0: Called Strike
0-1: Foul Ball, location: 7LSF
0-2: Foul Ball, location: 2F
0-2: Ground out 3-1 (Groundball, 13, EV 83.1 MPH)
Batting: RHB Austin Penland 0-0: Foul Ball, location: 2F
0-1: Ball
1-1: Ball
2-1: Called Strike
2-2: Ground out 6-3 (Groundball, 56, EV 85.6 MPH)
Batting: RHB Josiah Ford 0-0: Ball
1-0: Ball
2-0: Swinging Strike
2-1: Ground out 6-3 (Groundball, 6S, EV 89.4 MPH)
Bottom of the 3rd over - 0 runs, 0 hits, 0 errors, 0 left on base; Frederick 0 - Wilmington 2
TOP OF THE 4TH
Frederick Keys batting - Pitching for Wilmington Blue Rocks : RHP Andrew Gibbs
Batting: LHB Alex Gil 0-0: Ball
1-0: SINGLE (Groundball, 34D, EV 100.0 MPH)
Batting: LHB Paul Krupa 0-0: Ball
1-0: Foul Ball, location: 25FF
1-1: Ball
Wild Pitch!
Alex Gil to second
2-1: Fly out, F7 (Line Drive, 78S, EV 88.1 MPH)
Batting: RHB Chris Capellari 0-0: Ball
1-0: Called Strike
1-1: Called Strike
1-2: Ball
2-2: SINGLE (Groundball, 56, EV 104.4 MPH)
Alex Gil to third
Batting: LHB Jaden Goodman 0-0: Ball
Balk!
Alex Gil scores
Chris Capellari to second
1-0: Ball
2-0: Ball
3-0: Base on Balls
Batting: RHB Danny Mora 0-0: Called Strike
0-1: Swinging Strike
0-2: Strikes out swinging
Pinch Hitting: RHB Bobby Guinn 0-0: Called Strike
0-1: Called Strike
0-2: Foul Ball, location: 9LMF
0-2: Ball
1-2: Ball
2-2: Ball
3-2: Strikes out swinging
Top of the 4th over - 1 run, 2 hits, 0 errors, 2 left on base; Frederick 1 - Wilmington 2
BOTTOM OF THE 4TH
Wilmington Blue Rocks batting - Pitching for Frederick Keys : RHP Steve Johns
Now at 3B: Oscar Barriga
Batting: RHB David Mendez 0-0: Ball
1-0: Ball
2-0: Foul Ball, location: 2F
2-1: Ball
3-1: Base on Balls
Batting: RHB Juan del Valle 0-0: Ball
David Mendez steals 2nd base
1-0: Ball
2-0: Ball
3-0: Called Strike
3-1: Called Strike
3-2: Base on Balls
Batting: LHB Jose Rodriguez 0-0: Ball
1-0: Called Strike
1-1: Called Strike
1-2: Ball
2-2: Fly out, F4 (Popup, 4S, EV 71.3 MPH)
Batting: RHB Ricky Petersen 0-0: Ball
1-0: Ball
2-0: Ball
3-0: Called Strike
3-1: Base on Balls
David Mendez to third
Juan del Valle to second
Batting: LHB Drew Burris 0-0: Called Strike
0-1: Ball
1-1: Foul Ball, location: 2F
1-2: Strikes out swinging
Batting: SHB Jorge Carretero 0-0: Fly out, F8 (Line Drive, 8LD, EV 85.6 MPH)
Bottom of the 4th over - 0 runs, 0 hits, 0 errors, 3 left on base; Frederick 1 - Wilmington 2
TOP OF THE 5TH
Frederick Keys batting - Pitching for Wilmington Blue Rocks : RHP Andrew Gibbs
Batting: RHB Steve Giltner 0-0: Swinging Strike
0-1: Swinging Strike
0-2: Foul Ball, location: 9LSF
0-2: SINGLE (Line Drive, 4MD, EV 98.1 MPH)
Batting: LHB Eddy Carpio 0-0: Ball
1-0: Sac Bunt to 5S - play at first, batter OUT! 5-3
Steve Giltner to second
Batting: RHB Jalen Campbell 0-0: Called Strike
0-1: Foul Ball, location: 5SF
0-2: Ball
1-2: Ball
2-2: DOUBLE (Flyball, 9LD, EV 110.0 MPH)
Steve Giltner scores
Batting: LHB Alex Gil 0-0: Ball
1-0: Swinging Strike
1-1: Foul Ball, location: 2F
1-2: Ball
2-2: Foul Ball, location: 23F
2-2: Strikes out swinging
Batting: LHB Paul Krupa 0-0: Ball
1-0: Foul Ball, location: 7LMF
1-1: Foul Ball, location: 2RF
1-2: Ground out 4-3 (Groundball, 4S, EV 106.3 MPH)
Top of the 5th over - 1 run, 2 hits, 0 errors, 1 left on base; Frederick 2 - Wilmington 2
BOTTOM OF THE 5TH
Wilmington Blue Rocks batting - Pitching for Frederick Keys : RHP Steve Johns
Batting: RHB Prímio Boucinho 0-0: Called Strike
0-1: Ball
1-1: Fly out, F7 (Line Drive, 7, EV 92.5 MPH)
Batting: RHB Austin Penland 0-0: Called Strike
0-1: Ball
1-1: Ball
2-1: Ground out 5-3 (Groundball, 56, EV 81.3 MPH)
Batting: RHB Josiah Ford 0-0: Ball
1-0: Ball
2-0: Ball
3-0: Base on Balls
Pitching: RHP Ian Dery
Batting: RHB David Mendez 0-0: Called Strike
0-1: Ball
1-1: Swinging Strike
1-2: Ball
2-2: Ball
3-2: SINGLE (Groundball, 6MD, EV 109.4 MPH)
Josiah Ford to second
Josiah Ford to third
Batting: RHB Juan del Valle 0-0: Called Strike
0-1: Fly out, F8 (Flyball, 8RM, EV 97.5 MPH)
Bottom of the 5th over - 0 runs, 1 hit, 0 errors, 2 left on base; Frederick 2 - Wilmington 2
TOP OF THE 6TH
Frederick Keys batting - Pitching for Wilmington Blue Rocks : RHP Andrew Gibbs
Batting: RHB Chris Capellari 0-0: Ground out U3 (Groundball, 34, EV 102.5 MPH)
Batting: LHB Jaden Goodman 0-0: Ball
1-0: Fly out, F9 (Flyball, 9, EV 90.0 MPH)
Batting: RHB Danny Mora 0-0: Called Strike
0-1: Foul Ball, location: 2F
0-2: Ball
1-2: Foul Ball, location: 3FF
1-2: Ball
2-2: Fly out, F7 (Flyball, 78M, EV 87.5 MPH)
Top of the 6th over - 0 runs, 0 hits, 0 errors, 0 left on base; Frederick 2 - Wilmington 2
BOTTOM OF THE 6TH
Wilmington Blue Rocks batting - Pitching for Frederick Keys : RHP Ian Dery
Batting: LHB Jose Rodriguez 0-0: Ball
1-0: Ball
2-0: Ball
3-0: Base on Balls
Batting: RHB Ricky Petersen 0-0: Ball
1-0: Fly out, F7 (Line Drive, 7, EV 97.5 MPH)
Batting: LHB Drew Burris 0-0: Ball
1-0: Called Strike
1-1: SINGLE (Line Drive, 4MD, EV 98.1 MPH)
Jose Rodriguez to second
Batting: SHB Jorge Carretero 0-0: Fly out, F8 (Flyball, 89S, EV 98.1 MPH)
Batting: RHB Prímio Boucinho 0-0: Fly out, F9 (Flyball, 89M, EV 80.0 MPH)
Bottom of the 6th over - 0 runs, 1 hit, 0 errors, 2 left on base; Frederick 2 - Wilmington 2
TOP OF THE 7TH
Frederick Keys batting - Pitching for Wilmington Blue Rocks : RHP Andrew Gibbs
Batting: RHB Oscar Barriga 0-0: Ball
1-0: Ball
2-0: Ball
3-0: Base on Balls
Batting: RHB Steve Giltner 0-0: Bunt missed!
0-1: Bunted foul
0-2: Ball
1-2: Ball
2-2: Foul Ball, location: 9LDF
2-2: Foul Ball, location: 5F
2-2: Fly out, F3 (Popup, 3F, EV 44.4 MPH)
Batting: LHB Eddy Carpio 0-0: Ball
1-0: Ball
2-0: Ball
3-0: Called Strike
3-1: Fly out, F7 (Flyball, 78M, EV 99.4 MPH)
Pitching: RHP Cesar Cartagera
Batting: RHB Jalen Campbell 0-0: Called Strike
0-1: Ball
1-1: Ball
2-1: Fly out, F5 (Line Drive, 5, EV 75.6 MPH)
Top of the 7th over - 0 runs, 0 hits, 0 errors, 1 left on base; Frederick 2 - Wilmington 2
BOTTOM OF THE 7TH
Wilmington Blue Rocks batting - Pitching for Frederick Keys : RHP Ian Dery
Batting: RHB Austin Penland 0-0: Ball
1-0: SINGLE (Groundball, 34D, EV 98.8 MPH)
Batting: RHB Josiah Ford 0-0: Ball
1-0: Ball
2-0: Called Strike
2-1: Called Strike
2-2: Fly out, F9 (Flyball, 9, EV 93.8 MPH)
Batting: RHB David Mendez 0-0: Ball
1-0: Foul Ball, location: 25FF
1-1: Ball
2-1: Foul Ball, location: 2F
2-2: SINGLE (Groundball, 56, EV 86.3 MPH) (infield hit)
Austin Penland to second
Pinch Hitting: RHB D.J. Gibson 0-0: Ball
1-0: Called Strike
1-1: Fly out, F6 (Line Drive, 6, EV 71.3 MPH)
Batting: LHB Jose Rodriguez 0-0: Ground out 4-3 (Groundball, 4, EV 78.1 MPH)
Bottom of the 7th over - 0 runs, 2 hits, 0 errors, 2 left on base; Frederick 2 - Wilmington 2
TOP OF THE 8TH
Frederick Keys batting - Pitching for Wilmington Blue Rocks : RHP Cesar Cartagera
Pitching: RHP Ronnie Doyle
Now at 2B: D.J. Gibson
Now at SS: David Mendez
Batting: LHB Alex Gil 0-0: Called Strike
0-1: Foul Ball, location: 2F
0-2: Ball
1-2: Ball
2-2: Strikes out looking
Batting: LHB Paul Krupa 0-0: Called Strike
0-1: Called Strike
0-2: SINGLE (Line Drive, 6M, EV 96.3 MPH)
Batting: RHB Chris Capellari 0-0: Grounds into double play, 6-4-3 (Groundball, 56, EV 85.0 MPH)
Top of the 8th over - 0 runs, 1 hit, 0 errors, 0 left on base; Frederick 2 - Wilmington 2
BOTTOM OF THE 8TH
Wilmington Blue Rocks batting - Pitching for Frederick Keys : RHP Ian Dery
Batting: RHB Ricky Petersen 0-0: Ball
1-0: Ground out 6-3 (Groundball, 6, EV 86.9 MPH)
Pitching: LHP Ciddhatu Bisht
Batting: LHB Drew Burris 0-0: Ball
1-0: Called Strike
1-1: Foul Ball, location: 2F
1-2: Ball
2-2: Fly out, F9 (Flyball, 9S, EV 97.5 MPH)
Pitching: RHP Victor Meza
Batting: SHB Jorge Carretero 0-0: Foul Ball, location: 7LSF
0-1: Fly out, F9 (Flyball, 9S, EV 96.3 MPH)
Bottom of the 8th over - 0 runs, 0 hits, 0 errors, 0 left on base; Frederick 2 - Wilmington 2
TOP OF THE 9TH
Frederick Keys batting - Pitching for Wilmington Blue Rocks : RHP Ronnie Doyle
Batting: LHB Jaden Goodman 0-0: Called Strike
0-1: Swinging Strike
0-2: Ball
1-2: Strikes out swinging
Pinch Hitting: LHB Dan Bradshaw 0-0: Called Strike
0-1: Foul Ball, location: 2F
0-2: Ball
1-2: SINGLE (Groundball, 4MD, EV 105.0 MPH)
Batting: RHB Oscar Barriga 0-0: Called Strike
0-1: DOUBLE (Flyball, 89D, EV 94.4 MPH)
Dan Bradshaw to third
Runner from 3rd tries for Home, SAFE, throw by CF to trailing runner, OUT at third! 8-3-5
Batting: RHB Steve Giltner 0-0: Called Strike
0-1: Called Strike
0-2: Ball
1-2: Strikes out swinging
Top of the 9th over - 1 run, 2 hits, 0 errors, 0 left on base; Frederick 3 - Wilmington 2
BOTTOM OF THE 9TH
Wilmington Blue Rocks batting - Pitching for Frederick Keys : RHP Victor Meza
Now at C: Kevin Diaz
Batting: RHB Prímio Boucinho 0-0: Called Strike
0-1: Ball
1-1: Ball
2-1: Swinging Strike
2-2: Foul Ball, location: 2RF
2-2: Foul Ball, location: 2F
2-2: Ball
3-2: Base on Balls
Batting: RHB Austin Penland 0-0: Called Strike
0-1: Fly out, F6 (Line Drive, 5, EV 70.0 MPH)
Batting: RHB Josiah Ford 0-0: Foul Ball, location: 23FF
0-1: Ball
1-1: Ball
2-1: Foul Ball, location: 9LDF
2-2: Ball
3-2: Grounds into double play, 6-4-3 (Groundball, 6, EV 77.5 MPH)
Bottom of the 9th over - 0 runs, 0 hits, 0 errors, 0 left on base; Frederick 3 - Wilmington 2
Saturday, April 13th , 2024 - OOTP Baseball 24.11 Build 85